 Dungeon Sprint DCSS version 0.29-a0-414-g5075937ec3 (webtiles) character file.

Game seed: 17218148891699580560

32960 mhtbhm the Minotaur Blade (level 13, -10/151 HPs)
             Began as a Minotaur Berserker on May 15, 2022.
             Was the Champion of Trog.
             Mangled by a ghost moth (11 damage)
             ... while paralysed
             ... in the Dungeon (Sprint IX: "|||||||||||||||||||||||||||||").
             The game lasted 00:06:52 (3268 turns).

mhtbhm the Minotaur Blade (Minotaur Berserker)      Turns: 3268, Time: 00:06:53

Health: -10/151    AC:  6    Str: 25 (26) XL:     13   Next: 34%
Magic:  0/12       EV:  2    Int:  0 (4)  God:    Trog [******]
Gold:   1561       SH:  0    Dex: 10 (11) Spells: 12/12 levels left

rFire   + . .      SeeInvis .   a - +4 triple sword (vorpal)
rCold   . . .      Faith    .   (shield currently unavailable)
rNeg    . . .      Spirit   +   b - +1 plate armour {rF+}
rPois   .          Reflect  .   F - +2 hat of the Bear Spirit {Spirit, *Rage Will++}
rElec   .          Harm     .   w - +0 cloak
rCorr   .          Rampage  .   t - +0 pair of gloves
Will    ++...      Rage     20% k - +0 pair of boots
Stlth   .......... NoTele   +   (no amulet)
HPRegen 0.35/turn               B - +4 ring of protection
MPRegen 0.13/turn               m - +2 ring of evasion

@: paralysed, corroded, on berserk cooldown, slowed, lost intelligence, unable
to read
A: horns 2, retaliatory headbutt
a: Renounce Religion, Berserk, Trog's Hand, Brothers in Arms


You were in the Dungeon.
You worshipped Trog.
Trog was exalted by your worship.
You visited 1 branch You collected 1938 gold pieces.
You spent 377 gold pieces at shops.

Inventory:

Hand Weapons
 a - a +4 vorpal triple sword (weapon)
 n - the +7 scimitar "Grom" {holy, Dex+2}
   (You found it in the Dungeon)

   It has been blessed by the Shining One to cause great damage to the undead
   and demons.
   Dex:       It affects your dexterity (+2).
 o - a +1 great sword of holy wrath
 y - a +8 great sword of flaming
Missiles
 x - a silver boomerang (quivered)
Armour
 b - a +1 plate armour of fire resistance (worn)
 k - a +0 pair of boots (worn)
 t - a +0 pair of gloves (worn)
 w - a +0 cloak (worn)
 z - the +0 buckler "Omoss" {Regen+ Str+9 Slay-2 Stlth-}
   (You bought it in a shop in the Dungeon)

   Str:       It affects your strength (+9).
   Slay:      It affects your accuracy & damage with ranged weapons and melee
   (-2).
   Regen:     It increases your rate of health regeneration.
   Stlth:     It makes you less stealthy.
 F - the +2 hat of the Bear Spirit (worn) {Spirit, *Rage Will++}
   (You found it in the Dungeon)

   Going berserk makes the wearer tougher, and they're slowed less afterward.
   *Rage:     It berserks you when you make melee attacks (+20% chance).
   Will:      It greatly increases your willpower.
 I - a +0 kite shield of reflection
Jewellery
 m - a +2 ring of evasion (right hand)
 B - a +4 ring of protection (left hand)
 C - a ring of protection from cold
 D - a ring of see invisible
 E - a ring of fire
Wands
 j - a wand of acid (2)
 u - a wand of iceblast (5)
Scrolls
 h - 2 scrolls of blinking
 p - 2 scrolls of enchant weapon
 q - a scroll of identify
 r - 3 scrolls of enchant armour
 s - 3 scrolls of fog
 G - 3 scrolls of fear
Potions
 c - 5 potions of curing
 d - 7 potions of heal wounds
 e - 2 potions of haste
 f - 4 potions of magic
 g - 4 potions of berserk rage
 i - a potion of invisibility
 l - a potion of resistance
 v - a potion of attraction
 A - a potion of lignification
 H - a potion of ambrosia {unknown}


   Skills:
 + Level 24.6 Fighting
 + Level 26.7 Long Blades
 + Level 1.2 Throwing
 + Level 17.0 Armour
 + Level 12.0 Dodging
 + Level 1.7 Stealth
 + Level 3.0 Evocations


You had 12 spell levels left.
You didn't know any spells.
Your spell library was empty.

Dungeon Overview and Level Annotations

Branches:
Dungeon (1/1)

Altars:
Cheibriados
Dithmenos
Elyvilon
Fedhas
Gozag
Hepliaklqana
Kikubaaqudgha
Makhleb
Nemelex Xobeh
Okawaru
Qazlal
Ru
Sif Muna
Trog
Uskayaw
Vehumet
Wu Jian
Xom
Yredelemnul
Zin
The Shining One
Beogh
Jiyva
Lugonu

Shops:
D [((*


Innate Abilities, Weirdness & Mutations

You have a pair of horns on your head.
You reflexively headbutt those who attack you in melee.


Message History

Press: ? - help, Shift-Dir - straight line, p - entropy weaver The bolt of acid hits the entropy weaver!
The entropy weaver seems to be corroded for longer.
The entropy weaver is moderately wounded.
The bolt of acid hits the pharaoh ant!!
The pharaoh ant seems to be corroded for longer.
You destroy the pharaoh ant!
Trog accepts your kill.
The pharaoh ant binds the souls of nearby monsters.
Something barely misses you. x2; Something stings you.
Your Armour skill increases to level 17!
Unknown command.
Unknown command.
Unknown command.
Aiming: Corrosive Bolt
Press: ? - help, Shift-Dir - straight line The bolt of acid hits something!
The bolt of acid hits the entropy weaver!
The entropy weaver seems to be corroded for longer.
The entropy weaver is heavily wounded.
You feel you are being watched by something.
Something hits you.
* * * LOW HITPOINT WARNING * * *
You feel clumsy. Something hits you.
* * * LOW HITPOINT WARNING * * *
Something stings you!
* * * LOW HITPOINT WARNING * * *
You feel dopey. Something hits you!
* * * LOW HITPOINT WARNING * * *
You feel dopey.
You have lost your intelligence.
Something hits you.
* * * LOW HITPOINT WARNING * * *
Something stings you.
* * * LOW HITPOINT WARNING * * *
Something hits you!
* * * LOW HITPOINT WARNING * * *
Something hits you!
You die...

▓.▓.▓)▓.▓)▓.▓†▓.▓_
▓.▓.▓[▓.▓)▓.▓.▓.▓_
▓.▓.▓[▓.▓[▓.▓.▓.▓_
▓.▓.▓[▓.▓)▓.▓.▓.▓_
▓)▓.▓[▓.▓.▓.▓.▓.▓_
▓†▓.▓.▓.▓.▓.▓.▓.▓_
▓B▓.▓.▓.▓.▓.▓÷▓.▓_
▓.▓.▓)▓.▓.▓.▓÷▓.▓_
▓@▓.▓)▓.▓)▓.▓)▓.▓_
▓†▓.▓)▓.▓)▓.▓.▓.▓_
▓)▓.▓)▓.▓)▓.▓.▓.▓_
▓†▓.▓)▓.▓)▓.▓.▓.▓_
▓)▓.▓)▓.▓)▓.▓.▓.▓_
▓)▓.▓)▓.▓)▓.▓.▓.▓'
▓'▓.▓)▓.▓)▓.▓.▓.▓.
▓.▓.▓.▓.▓)▓.▓.▓.▓.
▓.▓.▓.▓.▓'▓.▓.▓.▓.


You could see an entropy weaver (soul bound, corroded).

Vanquished Creatures
  Donald (D)
  An emperor scorpion (D)
  A frost giant (D)
  2 dire elephants (D)
  An entropy weaver (D)
  An ettin (D)
  A rakshasa (D)
  3 boulder beetles (D)
  An anaconda (D)
  2 centaur warriors (D)
  A two-headed ogre (D)
  7 orc high priests (D)
  A naga sharpshooter (D)
  A pharaoh ant (D)
  A naga ritualist (D)
  2 orc knights (D)
  2 manticores (D)
  6 elephants (D)
  A guardian serpent (D)
  Maurice (D)
  6 black mambas (D)
  A black mamba (shapeshifter) (D)
  3 cane toads (D)
  A rime drake (D)
  A demonic crawler (D)
  A komodo dragon (D)
  2 tengu conjurers (D)
  2 yaktaurs (D)
  2 polar bears (D)
  A troll (D)
  A blink frog (D)
  A hornet (D)
  A vampire (D)
  A shadow (D)
  A redback (D)
  A vampire mosquito (D)
  A naga (D)
  5 water moccasins (D)
  6 orc warriors (D)
  A black bear (D)
  3 bullfrogs (D)
  2 killer bees (D)
  A howler monkey (D)
  6 orc priests (D)
  An iguana (D)
  2 orc wizards (D)
  A shadow imp (D)
  9 orcs (D)
  2 ball pythons (D)
  2 bats (D)
  A rat (D)
106 creatures vanquished.

Vanquished Creatures (collateral kills)
  A fire giant (D)
  A stone giant (D)
  A steelbarb worm (D)
  A wizard (D)
  2 orc knights (D)
  An ugly thing (D)
  An orc sorcerer (D)
  A redback (D)
  4 orc warriors (D)
13 creatures vanquished.

Grand Total: 119 creatures vanquished

Notes
Turn   | Place    | Note
-------+----------+-------------------------------------------
     0 | D        | mhtbhm the Minotaur Berserker began the quest for the Orb.
     0 | D        | Reached XP level 1. HP: 19/19 MP: 0/0
    11 | D        | Reached skill level 4 in Long Blades
    17 | D        | Reached ** piety under Trog
   122 | D        | Noticed a howler monkey
   122 | D        | Noticed a water moccasin
   122 | D        | Noticed an iguana
   129 | D        | Reached XP level 2. HP: 27/28 MP: 1/1
   130 | D        | Reached *** piety under Trog
   131 | D        | Reached skill level 5 in Fighting
   131 | D        | Reached skill level 5 in Long Blades
   131 | D        | Reached XP level 3. HP: 35/37 MP: 2/2
   133 | D        | Killed a water moccasin
   134 | D        | Reached skill level 8 in Long Blades
   134 | D        | Reached skill level 5 in Dodging
   134 | D        | Reached XP level 4. HP: 38/48 MP: 3/3
   134 | D        | Reached XP level 5. HP: 41/53 MP: 4/4
   139 | D        | Reached **** piety under Trog
   140 | D        | Reached skill level 9 in Long Blades
   144 | D        | Found a snail-covered altar of Cheibriados.
   144 | D        | Found a shadowy altar of Dithmenos.
   144 | D        | Found a white marble altar of Elyvilon.
   144 | D        | Found a blossoming altar of Fedhas.
   144 | D        | Found an opulent altar of Gozag.
   145 | D        | Found a hazy altar of Hepliaklqana.
   146 | D        | Found a viscous altar of Jiyva.
   147 | D        | Found an ancient bone altar of Kikubaaqudgha.
   148 | D        | Found a corrupted altar of Lugonu.
   149 | D        | Found a burning altar of Makhleb.
   150 | D        | Found a sparkling altar of Nemelex Xobeh.
   151 | D        | Found an iron altar of Okawaru.
   152 | D        | Found a stormy altar of Qazlal.
   153 | D        | Found a sacrificial altar of Ru.
   154 | D        | Found a shimmering blue altar of Sif Muna.
   155 | D        | Found a bloodstained altar of Trog.
   156 | D        | Found a hide-covered altar of Uskayaw.
   157 | D        | Found a radiant altar of Vehumet.
   158 | D        | Found an ornate altar of the Wu Jian Council.
   159 | D        | Found a shimmering altar of Xom.
   160 | D        | Found a basalt altar of Yredelemnul.
   161 | D        | Found a glowing silver altar of Zin.
   162 | D        | Found a glowing golden altar of the Shining One.
   275 | D        | Noticed a vampire
   275 | D        | Noticed a two-headed ogre
   275 | D        | Noticed a hornet
   275 | D        | Noticed a shadow
   278 | D        | Killed a shadow
   279 | D        | Reached skill level 10 in Fighting
   279 | D        | Reached skill level 10 in Long Blades
   279 | D        | Reached skill level 5 in Armour
   279 | D        | Reached XP level 6. HP: 66/66 MP: 5/5
   282 | D        | Killed a hornet
   283 | D        | Reached skill level 11 in Long Blades
   283 | D        | Reached XP level 7. HP: 74/74 MP: 6/6
   288 | D        | Killed a two-headed ogre
   289 | D        | Reached skill level 13 in Long Blades
   289 | D        | Reached XP level 8. HP: 85/85 MP: 7/7
   290 | D        | Reached ***** piety under Trog
   296 | D        | Reached skill level 14 in Long Blades
   398 | D        | Noticed a manticore
   398 | D        | Noticed a boulder beetle
   398 | D        | Noticed a boulder beetle
   398 | D        | Noticed a black mamba
   398 | D        | Noticed a troll
   402 | D        | Killed a troll
   411 | D        | Killed a black mamba
   411 | D        | Received a gift from Trog
   412 | D        | Reached skill level 15 in Long Blades
   437 | D        | Killed a boulder beetle
   438 | D        | Reached skill level 15 in Fighting
   438 | D        | Reached skill level 16 in Long Blades
   438 | D        | Reached XP level 9. HP: 72/97 MP: 8/8
   533 | D        | Killed a boulder beetle
   683 | D        | Killed a manticore
   684 | D        | Reached skill level 17 in Long Blades
   684 | D        | Reached skill level 10 in Armour
   684 | D        | Reached skill level 10 in Dodging
  1046 | D        | Got the +7 scimitar "Grom" {holy, Dex+2}
  1059 | D        | Noticed a polar bear
  1070 | D        | Reached XP level 10. HP: 107/107 MP: 9/9
  1073 | D        | Received a gift from Trog
  1074 | D        | Reached skill level 18 in Long Blades
  1109 | D        | Noticed a cane toad
  1109 | D        | Noticed a black mamba
  1109 | D        | Noticed a cane toad
  1109 | D        | Noticed a cane toad
  1112 | D        | Noticed a black mamba
  1114 | D        | Killed a cane toad
  1120 | D        | Killed a cane toad
  1120 | D        | Reached ****** piety under Trog
  1123 | D        | Reached skill level 19 in Long Blades
  1127 | D        | Killed a black mamba
  1130 | D        | Killed a cane toad
  1132 | D        | Killed a black mamba
  1138 | D        | Reached skill level 20 in Long Blades
  1296 | D        | Noticed an elephant
  1296 | D        | Noticed a dire elephant
  1296 | D        | Noticed a dire elephant
  1296 | D        | Noticed an elephant
  1296 | D        | Noticed an elephant
  1296 | D        | Noticed an elephant
  1296 | D        | Noticed an elephant
  1300 | D        | Killed an elephant
  1300 | D        | Received a gift from Trog
  1308 | D        | Killed a dire elephant
  1309 | D        | Reached XP level 11. HP: 118/118 MP: 10/10
  1316 | D        | Killed a dire elephant
  1317 | D        | Reached skill level 21 in Long Blades
  1400 | D        | Reached skill level 22 in Long Blades
  1400 | D        | Reached skill level 1 in Evocations
  1714 | D        | Noticed Maurice
  1724 | D        | Killed Maurice
  1724 | D        | Received a gift from Trog
  1804 | D        | Received a gift from Trog
  1808 | D        | Noticed an orc knight
  1825 | D        | Killed an orc knight
  1973 | D        | Noticed an orc knight
  1976 | D        | Noticed an orc knight
  1980 | D        | Received a gift from Trog
  1984 | D        | Killed an orc knight
  1986 | D        | Noticed an orc knight
  1992 | D        | Noticed an orc sorcerer
  1995 | D        | Killed an orc knight
  1996 | D        | Killed an orc knight
  1998 | D        | Killed an orc sorcerer
  1999 | D        | Reached skill level 23 in Long Blades
  1999 | D        | Received a gift from Trog
  2051 | D        | Found Goum Cud's General Store.
  2051 | D        | Noticed an orc high priest
  2051 | D        | Noticed an orc high priest
  2051 | D        | Noticed an orc high priest
  2052 | D        | Noticed an orc high priest
  2056 | D        | Killed an orc high priest
  2057 | D        | Noticed a soul eater
  2060 | D        | Killed an orc high priest
  2068 | D        | Found Kocisoh's Antique Weapon Shop.
  2073 | D        | Killed an orc high priest
  2073 | D        | Received a gift from Trog
  2074 | D        | Reached XP level 12. HP: 75/134 MP: 11/11
  2076 | D        | Found Opty's Weapon Boutique.
  2079 | D        | Killed an orc high priest
  2092 | D        | Noticed an orc high priest
  2095 | D        | Noticed an orc high priest
  2112 | D        | Killed an orc high priest
  2118 | D        | Killed an orc high priest
  2151 | D        | Noticed an orc high priest
  2221 | D        | Killed an orc high priest
  2222 | D        | Reached skill level 24 in Long Blades
  2241 | D        | Found Uvvaischo's Armour Shop.
  2248 | D        | Received a gift from Trog
  2377 | D        | Bought a potion of heal wounds for 50 gold pieces
  2377 | D        | Bought a potion of heal wounds for 50 gold pieces
  2383 | D        | Bought the +0 buckler "Omoss" {Regen+ Str+9 Slay-2 Stlth-}
                  | for 247 gold pieces
  2389 | D        | Bought a potion of lignification for 30 gold pieces
  2546 | D        | Found the +2 hat of the Bear Spirit {Spirit, *Rage Will++}
  2612 | D        | Noticed a centaur warrior
  2612 | D        | Noticed a boulder beetle
  2619 | D        | Killed a boulder beetle
  2623 | D        | Noticed a centaur warrior
  2627 | D        | Killed a centaur warrior
  2628 | D        | Reached skill level 1 in Stealth
  2628 | D        | Noticed a rakshasa
  2629 | D        | Noticed an ettin
  2630 | D        | Received a gift from Trog
  2631 | D        | Noticed a stone giant
  2634 | D        | Killed a centaur warrior
  2635 | D        | Reached skill level 15 in Armour
  2637 | D        | Noticed a fire giant
  2638 | D        | Killed a rakshasa
  2642 | D        | Killed a stone giant
  2654 | D        | Reached skill level 25 in Long Blades
  2654 | D        | Killed an ettin
  2655 | D        | Killed a fire giant
  2655 | D        | Received a gift from Trog
  2701 | D        | Noticed a frost giant
  2712 | D        | Killed a frost giant
  2944 | D        | Noticed Donald
  2954 | D        | Killed Donald
  2954 | D        | Received a gift from Trog
  3060 | D        | Noticed an anaconda
  3067 | D        | Reached XP level 13. HP: 148/148 MP: 9/12
  3074 | D        | Reached skill level 26 in Long Blades
  3084 | D        | Received a gift from Trog
  3228 | D        | Noticed an entropy weaver
  3228 | D        | Noticed an emperor scorpion
  3236 | D        | Reached skill level 1 in Throwing
  3243 | D        | Killed an emperor scorpion
  3244 | D        | Noticed an entropy weaver
  3252 | D        | Killed an entropy weaver
  3252 | D        | Received a gift from Trog
  3267 | D        | Lost intelligence.
  3268 | D        | HP: 1/151 [something (9)]
  3268 | D        | Mangled by a ghost moth

Illustrated notes

Levels and vault maps discovered:
D:        linesprint [early_d, line_temple, items_1, d_10, items_2, lair_1,
          lair_end, items_3, orc_1, orc_end, items_4, d_15, swamp_1, shoals_1,
          snake_1, spider_1, d_20, vaults_1, items_5, swamp_end, shoals_end,
          snake_end, spider_end, vaults_end, d_27, items_6, zot_1, zot_end,
          crypt_end, forest_end, elf_end, slime_end, tomb_end, abyss_end,
          pan_hell_end]

Skill      XL: |  1  2  3  4  5  6  7  8  9 10 11 12 13 |
---------------+----------------------------------------+-----
Fighting       | 4 5 8 10 11 12 15 16 17 20 23 24 | 24.6
Long Blades    | 4 5 8 10 11 13 16 17 20 23 25 26 | 26.7
Armour         | 3 4 5 6 7 9 10 12 13 16 17 | 17.0
Dodging        | 3 5 6 7 8 9 10 11 12 | 12.0
Evocations     | 2 3 |  3.0
Stealth        | 1 |  1.7
Throwing       | 1 |  1.2

Action                   |  1- 3 |  4- 6 |  7- 9 | 10-12 | 13-15 || total
-------------------------+-------+-------+-------+-------+-------++-------
Melee: Falchion          |    24 |    10 |    40 |       |       ||    74
       Headbutt          |     2 |     1 |    23 |    47 |     8 ||    81
       Punch             |       |       |     4 |     1 |       ||     5
       Great sword       |       |       |    24 |   121 |       ||   145
       Triple sword      |       |       |       |    76 |    44 ||   120
       Scimitar          |       |       |       |    10 |       ||    10
Throw: Boomerang         |       |       |       |     1 |       ||     1
Invok: Berserk           |     1 |     1 |     1 |     7 |     1 ||    11
       Brothers in Arms  |       |       |       |     3 |     1 ||     4
Evoke: Wand              |       |       |       |     5 |     4 ||     9
  Use: Potion            |       |       |       |     5 |       ||     5
       Scroll            |       |       |       |     2 |       ||     2
Armor: Animal skin       |     7 |       |       |       |       ||     7
       Scale mail        |       |     1 |    18 |    22 |       ||    41
       Plate armour      |       |       |       |    21 |    33 ||    54
Dodge: Dodged            |    17 |     6 |    30 |    81 |    27 ||   161

Table legend: (Time is in decaauts)
 A = Elapsed time spent in this place.
 B = Non-inter-level travel time spent in this place.
 C = Inter-level travel time spent in this place.
 D = Time resting spent in this place.
 E = Time spent auto-exploring this place.
 F = Levels seen in this place.
 G = Mean time per level.
                   A        B        C        D        E       F      G
               +--------+--------+--------+--------+--------+-----+--------+
         Total |   3235 |   3235 |      0 |   1789 |    313 |   1 | 3235.0 |
       Dungeon |   3235 |   3235 |      0 |   1789 |    313 |   1 | 3235.0 |
               +--------+--------+--------+--------+--------+-----+--------+

Top non-repeatable levels by time:
       D: 3235 daAuts
